 Dungeon Crawl Stone Soup version 0.27-a0-1202-ge72e49191c (webtiles) character file.

Game seed: 13029090521846453740

238 robertstho the Skirmisher (level 6, -1/49 HPs)
             Began as a Formicid Abyssal Knight on June 4, 2021.
             Was a Believer of Lugonu.
             Killed by nerve-wracking pain
             ... invoked by an orc priest
              (13 damage)
             ... on level 3 of the Dungeon.
             The game lasted 00:04:44 (3610 turns).

robertstho the Skirmisher (Formicid Abyssal Knight) Turns: 3610, Time: 00:04:44

Health: -1/49      AC: 11    Str: 21      XL:     6   Next: 28%
Magic:  17/17      EV:  2    Int: 11      God:    Lugonu [**....]
Gold:   105        SH: 12    Dex: 14 (16) Spells: 5/5 levels left

rFire    . . .     SeeInvis +   a - +1 spear
rCold    . . .     Faith    .   i - +0 tower shield
rNeg     . . .     Spirit   .   b - +0 plate armour
rPois    .         Reflect  .   (helmet unavailable)
rElec    .         Harm     .   (no cloak)
rCorr    .         Rampage  .   (no gloves)
Will     .....                  (no boots)
Stlth    ..........             (no amulet)
HPRegen  0.16/turn              k - +6 ring of dexterity
MPRegen  0.15/turn              m - ring of magical power

@: no status effects
A: permanent stasis, dig shafts and tunnels, antennae 3, four strong arms, fangs
1, strong 1
a: Dig, Shaft Self, Renounce Religion, Depart the Abyss, Bend Space


You were on level 3 of the Dungeon.
You worshipped Lugonu.
Lugonu was pleased with you.
You visited 1 branch of the dungeon, and saw 3 of its levels.
You visited the Abyss 1 time.

You collected 105 gold pieces.

Inventory:

Hand Weapons
 a - a +1 spear (weapon)
Armour
 b - a +0 plate armour (worn)
 i - a +0 tower shield (worn)
Jewellery
 k - a +6 ring of dexterity (left hand)
 m - a ring of magical power (right hand)
Scrolls
 n - a scroll of teleportation {unknown}
Potions
 c - a potion of brilliance
 d - a potion of degeneration


   Skills:
 * Level 4.6 Fighting
 + Level 2.9 Polearms
 * Level 4.2 Armour
 + Level 1.6 Dodging
 + Level 0.3 Stealth
 + Level 1.3 Shields
 * Level 3.1 Invocations


You had 5 spell levels left.
You didn't know any spells.
Your spell library contained the following spells:

 Spells                   Type           Power      Damage    Failure   Level
 Animate Skeleton         Necr           0%         N/A       100%        1
 Apportation              Tloc           0%         N/A       100%        1
 Corona                   Hex            0%         N/A       100%        1
 Pain                     Necr           0%         1d4       100%        1
 Summon Small Mammal      Summ           0%         N/A       100%        1
 Confusing Touch          Hex            0%         N/A       100%        3
 Gell's Gravitas          Tloc           0%         N/A       100%        3
 Vampiric Draining        Necr           0%         2d6       100%        3
 Animate Dead             Necr           0%         N/A       100%        4
 Petrify                  Tmut/Erth      0%         N/A       100%        4
 Agony                    Necr           0%         N/A       100%        5
 Metabolic Englaciation   Hex/Ice        0%         N/A       100%        5
 Yara's Violent Unravell  Hex/Tmut       0%         3d3       100%        5


Dungeon Overview and Level Annotations

Branches:
Dungeon (3/15)

Altars:
Nemelex Xobeh


Innate Abilities, Weirdness & Mutations

You cannot be hasted, slowed, berserked, paralysed or teleported.
You can dig through walls and to a lower floor.
You have a pair of large antennae on your head. (SInv)
Your four strong arms can wield two-handed weapons with a shield.
You have very sharp teeth.
Your muscles are strong. (Str +2)


Message History

You are too injured to fight recklessly!
You are too injured to fight recklessly!
You are too injured to fight recklessly!
You are too injured to fight recklessly!
You are too injured to fight recklessly!
You are too injured to fight recklessly!
You are too injured to fight recklessly!
You are too injured to fight recklessly!
You closely miss the orc.
The orc is severely wounded.
The orc hits you but does no damage. You block the orc's attack.
You closely miss the orc.
The orc is severely wounded.
The orc barely misses you.
You hit the orc but do no damage.
The orc is severely wounded.
The orc hits you but does no damage.
You hit the orc.
You kill the orc!
Lugonu accepts your kill.
You hit the orc priest but do no damage.
You bite the orc priest, but do no damage.
You block the orc priest's attack.
The orc priest mumbles some strange prayers to Beogh against you.
Pain shoots through your body!
* * * LOW HITPOINT WARNING * * *
You closely miss the orc priest.
The orc priest hits you but does no damage.
You hit the orc priest but do no damage.
The orc priest hits you but does no damage.
You block the orc priest's attack.
You hit the orc priest.
The orc priest is moderately wounded.
The orc priest hits you with a +0 war axe.
* * * LOW HITPOINT WARNING * * *
You hit the orc priest but do no damage.
The orc priest is moderately wounded.
The orc priest invokes the aid of Beogh against you.
Pain shoots through your body!
You die...

....#.._..#...
#...#.....#...
#...#.....#.#.
#...#######.#.
#######...........#.
....(..........#..#.
#.##.##...)....#..#.
..#.#.##.##).......#..#.
.....oo@....†.....##....
.##.#.##.$...#[##.# #.#.
# #.#####.##.###.#. #.#
#.##....... #.#
#.##.###.#. #.#
#.##.###.#. #.#
#.......... #.#
####.###.## #######.#
#.#


You could see an orc priest and an orc.

Vanquished Creatures
  A scorpion (D:3)
  2 orc wizards (D:3)
  4 adders (D:2)
  A gnoll (D:1)
  A worm (D:2)
  3 dart slugs
  3 orcs (D:3)
  2 ball pythons (D:1)
  7 endoplasms
  5 goblins
  5 hobgoblins
  10 jackals (D:1)
  2 quokkas
  4 bats
  A frilled lizard (D:1)
  4 kobolds
  9 rats
64 creatures vanquished.

Vanquished Creatures (collateral kills)
  An orc (D:3)
1 creature vanquished.

Grand Total: 65 creatures vanquished

Notes
Turn   | Place    | Note
-------+----------+-------------------------------------------
     0 | Abyss:1  | robertstho the Formicid Abyssal Knight began the quest for
                  | the Orb.
     0 | Abyss:1  | Reached XP level 1. HP: 18/18 MP: 2/2
    51 | Abyss:1  | Noticed a large abomination
    53 | D:1      | Escaped the Abyss
   130 | D:1      | Reached XP level 2. HP: 23/25 MP: 3/3
   294 | D:1      | Reached * piety under Lugonu
   410 | D:1      | Reached XP level 3. HP: 10/30 MP: 4/4
   735 | D:1      | Reached skill level 1 in Dodging
  1103 | D:1      | Reached XP level 4. HP: 37/37 MP: 6/6
  1622 | D:2      | Found a faded altar of an unknown god.
  2147 | D:2      | Reached XP level 5. HP: 21/42 MP: 7/7
  2635 | D:3      | Reached ** piety under Lugonu
  3050 | D:3      | Reached skill level 1 in Shields
  3058 | D:3      | Gained mutation: Your muscles are strong. (Str +2) [potion
                  | of mutation]
  3058 | D:3      | Gained mutation: You have very sharp teeth. [potion of
                  | mutation]
  3066 | D:3      | HP: 2/43 [orc/+0 dagger (4)]
  3067 | D:3      | Reached XP level 6. HP: 2/49 MP: 8/8
  3378 | D:3      | Found a sparkling altar of Nemelex Xobeh.
  3610 | D:3      | Killed from afar by an orc priest

Illustrated notes

Levels and vault maps discovered:
D:1:      dpeg_arrival_ratfight, layout_basic
D:2:      layout_rooms, chequers_ecumenical_altar_island
D:3:      layout_basic, amcnicky_altar_gilded, overflow_temple_1_default,
          minmay_pentomino_pile

Skill      XL: |  1  2  3  4  5 |
---------------+----------------+-----
Fighting       | 4 |  4.6
Dodging        | 1 |  1.6
Armour         | 3 4 |  4.2
Shields        | 1 |  1.3
Invocations    | 3 |  3.1
Polearms       | |  2.9
Stealth        | |  0.3

Action                   |  1- 3 |  4- 6 || total
-------------------------+-------+-------++-------
Melee: Spear             |   109 |   211 ||   320
       Bite              |       |     4 ||     4
Invok: Depart the Abyss  |     1 |       ||     1
       Bend Space        |       |     2 ||     2
  Use: Potion            |     1 |     7 ||     8
       Scroll            |     1 |     2 ||     3
 Stab: Invisible         |     1 |       ||     1
Armor: Leather armour    |    15 |       ||    15
       Ring mail         |    25 |    83 ||   108
       Plate armour      |       |    21 ||    21
Dodge: Dodged            |    68 |    56 ||   124
Block: Tower shield      |       |   107 ||   107

Table legend: (Time is in decaauts)
 A = Elapsed time spent in this place.
 B = Non-inter-level travel time spent in this place.
 C = Inter-level travel time spent in this place.
 D = Time resting spent in this place.
 E = Time spent auto-exploring this place.
 F = Levels seen in this place.
 G = Mean time per level.
                   A        B        C        D        E       F      G
               +--------+--------+--------+--------+--------+-----+--------+
         Total |   3683 |   3575 |    108 |    245 |   2674 |   4 |  920.8 |
       Dungeon |   3630 |   3522 |    108 |    245 |   2624 |   3 | 1210.0 |
         Abyss |     53 |     53 |      0 |      0 |     50 |   1 |   53.0 |
               +--------+--------+--------+--------+--------+-----+--------+

Top non-repeatable levels by time:
     D:1: 1576 daAuts
     D:2: 1308 daAuts
     D:3: 746 daAuts
 Abyss:1: 53 daAuts
